 Dungeon Crawl Stone Soup version 0.29.1-1-gd02db6906a (webtiles) character file.

Game seed: 39923057362814468

86460 112233 the Fighter (level 15, -24/124 HPs)
             Began as a Demonspawn Summoner on Oct 10, 2022.
             Was an Elder of Sif Muna.
             Annihilated by a white very ugly thing (48 damage)
             ... in an ice cave.
             The game lasted 00:59:45 (35293 turns).

112233 the Fighter (Demonspawn Summoner)           Turns: 35293, Time: 00:59:45

Health: -24/124    AC: 20    Str:  9      XL:     15   Next: 40%
Magic:  0/32       EV: 19    Int: 32      God:    Sif Muna [****..]
Gold:   1190       SH:  0    Dex: 16 (17) Spells: 11/40 levels left

rFire   . . .      SeeInvis .   o - +7 rapier of Resourcefulness {vorpal, rElec Dex+3}
rCold   . . .      Faith    .   (no shield)
rNeg    . . .      Spirit   +   a - +0 robe
rPois   .          Reflect  .   W - +2 hat {Int+3}
rElec   +          Harm     .   Q - +2 cloak
rCorr   .          Rampage  .   I - +2 pair of gloves
Will    ++...                   z - +2 pair of boots {Fly}
Stlth   ++........              L - amulet of Wuch {Spirit Slay+3}
HPRegen 0.30/turn               C - +6 ring of intelligence
MPRegen 0.23/turn               B - +4 ring of protection

@: flying, slowed, very slow
A: hooves 2, molten scales 2, demonic guardian 1, demonic magic 2, antennae 1,
deterioration 1, strong-willed 1, electricity resistance
a: Renounce Religion, Channel Magic, Forget Spell, Divine Exegesis


You were in an ice cave.
You worshipped Sif Muna.
Sif Muna was greatly pleased with you.
You visited 3 branches of the dungeon, and saw 22 of its levels.
You also visited: Ossuary, Gauntlet and Ice Cave.

You collected 3191 gold pieces.
You spent 2001 gold pieces at shops.

Inventory:

Hand Weapons
 o - the +7 rapier of Resourcefulness (weapon) {vorpal, rElec Dex+3}
   (You bought it in a shop on level 2 of the Orcish Mines)

   It inflicts extra damage upon your enemies.
   Dex:       It affects your dexterity (+3).
   rElec:     It insulates you from electricity.
Missiles
 h - 4 silver javelins
 M - 4 curare-tipped darts
Armour
 a - a +0 robe (worn)
 z - a +2 pair of boots of flying (worn)
 E - a +0 buckler
 I - a +2 pair of gloves (worn)
 Q - a +2 cloak (worn)
 W - a +2 hat of intelligence (worn)
Jewellery
 s - a +6 ring of dexterity
 B - a +4 ring of protection (right hand)
 C - a +6 ring of intelligence (left hand)
 K - an amulet of magic regeneration
 L - the amulet of Wuch (around neck) {Spirit Slay+3}
   (You found it in a Gauntlet)

   [amulet of guardian spirit]

   It causes incoming damage to be divided between your reserves of health and
   magic.
   Slay:      It affects your accuracy & damage with ranged weapons and melee
   (+3).
 O - a ring of resist corrosion
 X - a ring of magical power
Wands
 m - a wand of flame (19)
 x - a wand of iceblast (28)
 V - a wand of charming (8)
Scrolls
 d - a scroll of immolation
 e - 2 scrolls of torment
 g - 9 scrolls of amnesia
 l - 8 scrolls of magic mapping
 n - 3 scrolls of fear
 r - 7 scrolls of vulnerability
 u - 5 scrolls of fog
 y - 12 scrolls of teleportation
 D - 4 scrolls of enchant weapon
 G - 2 scrolls of poison
 H - 3 scrolls of enchant armour
 J - 2 scrolls of blinking
 P - a scroll of silence
 R - 2 scrolls of identify
Potions
 b - 4 potions of magic
 c - 6 potions of ambrosia
 j - 3 potions of attraction
 k - 5 potions of haste
 q - 3 potions of invisibility
 t - 4 potions of cancellation
 w - 7 potions of curing
 A - 2 potions of berserk rage
 F - 4 potions of brilliance
 N - 3 potions of might
 T - a potion of mutation
 Y - 2 potions of lignification
 Z - a potion of heal wounds
Miscellaneous
 f - a phial of floods
 p - a box of beasts
 S - a condenser vane
 U - a piece from Xom's chessboard (15/15)


   Skills:
 + Level 13.3 Fighting
 + Level 12.5 Dodging
 - Level 2.1 Stealth
 + Level 0.8 Shields
 * Level 13.3 Spellcasting
 + Level 12.4 Summonings
 - Level 2.4 Necromancy
 - Level 2.0 Air Magic
 + Level 11.7 Invocations
 - Level 1.9 Evocations


You had 11 spell levels left.
You knew the following spells:

 Your Spells              Type           Power      Damage    Failure   Level
a - Summon Mana Viper     Hex/Summ       57%        N/A       4%          5
b - Call Canine Familiar  Summ           79%        N/A       1%          3
c - Summon Lightning Spi  Summ/Air       61%        N/A       1%          4
d - Monstrous Menagerie   Summ           39%        N/A       11%         7
e - Call Imp              Summ           79%        N/A       1%          2
f - Passwall              Tmut/Erth      17%        N/A       3%          2
g - Summon Small Mammal   Summ           100%       N/A       0%          1
h - Summon Guardian Gole  Hex/Summ       57%        N/A       1%          3
i - Blink                 Tloc           42%        N/A       3%          2

Your spell library contained the following spells:

 Spells                   Type           Power      Damage    Failure   Level
 Sublimation of Blood     Necr           36%        N/A       1%          2
 Summon Ice Beast         Ice/Summ       57%        N/A       1%          4
 Beastly Appendage        Tmut           42%        N/A       2%          1
 Magic Dart               Conj           84%        1d7       2%          1
 Sting                    Tmut/Pois      84%        1d7       2%          1
 Poisonous Vapours        Pois/Air       54%        N/A       2%          2
 Swiftness                Air            34%        N/A       2%          3
 Ensorcelled Hibernation  Hex/Ice        42%        N/A       3%          2
 Scorch                   Fire           42%        2d7       3%          2
 Wereblood                Tmut           21%        N/A       3%          2
 Mephitic Cloud           Conj/Pois/Air  25%        N/A       4%          3
 Summon Forest            Summ/Tloc      28%        N/A       4%          5
 Conjure Flame            Conj/Fire      21%        6-21      7%          3
 Frozen Ramparts          Ice            42%        1d7       7%          3
 Inner Flame              Hex/Fire       21%        N/A       7%          3
 Lesser Beckoning         Tloc           21%        N/A       7%          3
 Ozocubu's Armour         Ice            21%        N/A       7%          3
 Portal Projectile        Hex/Tloc       42%        N/A       7%          3
 Spider Form              Tmut/Pois      21%        N/A       7%          3
 Teleport Other           Tloc           21%        N/A       7%          3
 Animate Dead             Necr           36%        N/A       8%          4
 Summon Hydra             Summ           39%        N/A       11%         7
 Corpse Rot               Necr/Pois/Air  30%        N/A       12%         4
 Anguish                  Hex/Necr       14%        N/A       13%         4
 Flame Wave               Conj/Fire      21%        2d8       22%         4
 Iskenderun's Mystic Bla  Conj/Tloc      21%        2d6       22%         4
 Leda's Liquefaction      Hex/Erth       10%        N/A       22%         4
 Olgreb's Toxic Radiance  Pois           21%        N/A       22%         4
 Petrify                  Tmut/Erth      21%        N/A       22%         4
 Lightning Bolt           Conj/Air       13%        1d27      38%         5
 Freezing Cloud           Conj/Ice/Air   12%        6-21      43%         5
 Alistair's Intoxication  Tmut/Pois      14%        N/A       52%         5
 Fireball                 Conj/Fire      10%        3d6       52%         5
 Manifold Assault         Tloc           21%        N/A       52%         5
 Yara's Violent Unravell  Hex/Tmut       10%        3d6       52%         5
 Malign Gateway           Summ/Tloc      28%        N/A       82%         7
 Simulacrum               Ice/Necr       14%        N/A       90%         6
 Conjure Ball Lightning   Conj/Air       13%        3x3d6     92%         6
 Dispersal                Tloc           10%        N/A       98%         6
 Starburst                Conj/Fire      10%        6d5       98%         6
 Statue Form              Tmut/Erth      14%        N/A       98%         6
 Enfeeble                 Hex            10%        N/A       100%        7
 Ozocubu's Refrigeration  Ice            10%        4d9       100%        7
 Storm Form               Tmut/Air       13%        N/A       100%        7
 Borgnjor's Revivificati  Necr           18%        N/A       100%        8
 Disjunction              Tloc           10%        N/A       100%        8
 Ignition                 Fire           10%        3d5       100%        8
 Necromutation            Tmut/Necr      14%        N/A       100%        8
 Polar Vortex             Ice            10%        N/A       100%        9


Dungeon Overview and Level Annotations

Branches:
Dungeon (15/15)            Temple (0/1) D:7            Lair (5/5) D:8
 Shoals (0/4) Lair:3       Spider (0/4) Lair:2        Slime (0/5) Lair:4
    Orc (2/2) D:9             Elf (0/3) Orc:2        Vaults (0/5) D:13
Ossuary (visited)           IceCv (1/1)             Gauntlet (visited)
 Depths: D:15

Altars:
Cheibriados
Fedhas
Okawaru
Sif Muna
Wu Jian

Shops:
D:6 ?   D:10 ?   Orc:1 =   Orc:2 *:[*(

Portals:
Trove: D:10 (give +2 shadow dragon scales)

Annotations:
D:7 1 runed translucent door, exclusion: oklob plant, catfood's ghost, novice SpBr
D:14 exclusion: 2 downstairs
D:15 Josephine IceCv 1 transporter, exclusion: orange crystal statue


Innate Abilities, Weirdness & Mutations

You have hoof-like feet.
You are mostly covered in molten scales. (AC +3)
A weak demonic guardian rushes to your aid.
Spells you cast may paralyse nearby enemies.
You have a pair of small antennae on your head.
Your body sometimes deteriorates upon taking damage.
You are strong-willed. (Will+)
You are resistant to electric shocks. (rElec)


Message History

Your sphinx disappears in a puff of smoke!
Your lindwurm disappears in a puff of smoke!
The orange crystal statue fixes its piercing gaze on you.
Something tries to feed on your intellect!
The freezing wraith barely misses you. The freezing wraith misses you.
The freezing wraith hits you but does no damage.
The freezing wraith hits you. The freezing wraith drains your vigour!
You feel as though you will be slow longer.
Casting: Monstrous Menagerie (dangerous; 11% risk of failure)
Confirm with . or Enter, or press ? or * to list all spells.
Okay, then.
Casting: Monstrous Menagerie (dangerous; 11% risk of failure)
Confirm with . or Enter, or press ? or * to list all spells.
You blink.
Malevolent energies surge around you.
The white very ugly thing seems to regain its courage.
The orange crystal statue glitters.
You are confused.
The white very ugly thing gores you but does no damage.
Unknown command.
You're too confused to cast spells.
Okay, then.
Unknown command.
You feel much better.
The orange crystal statue glitters.
The white very ugly thing gores you.
The white very ugly thing freezes you!!!
* * * LOW HITPOINT WARNING * * *
The orange crystal statue glitters topaz in the dim dungeon light.
Unknown command.
Unknown command.
You are too confused!
Unknown command.
You are too confused!
Unknown command.
You feel better.
You feel stable enough to blink again. The white very ugly thing gores you.
* * * LOW HITPOINT WARNING * * *
The white very ugly thing freezes you!!!
You die...

.......8..=.#....$#
...........8#...?)#
∩∩.......[©©#©..)8#
.........?.8#...:=#
.......8....#..ZWZ#
#...........#8....#
##..........##8W..#
##........## #8u.#
####...### #@∩#
##### ####


You could see a white very ugly thing, an orange crystal statue, 2 freezing
wraiths, a four-headed hydra simulacrum (summoned) and a golden dragon
simulacrum (summoned).

Vanquished Creatures
  An orc warlord (Orc:2)
  A very ugly thing (IceCv)
  A hydra (D:13)
  2 boulder beetles
  Erica (Orc:1)
  A centaur warrior (D:13)
  A tengu warrior (D:14)
  An orc high priest (Orc:2)
  4 orc knights (Orc:2)
  A cyclops (D:13)
  A water nymph (shapeshifter) (D:14)
  3 black mambas (Lair:4)
  2 torpor snails (Lair:5)
  Joseph (D:9)
  A gargoyle (D:13)
  3 cane toads
  A freezing wraith (D:15)
  A tengu conjurer (D:13)
  2 komodo dragons
  4 polar bears
  2 trolls (Orc:2)
  Grinder (D:6)
  A raiju (Lair:5)
  4 blink frogs
  Sigmund (D:4)
  11 yaks
  A shadow (D:10)
  A centaur simulacrum (Gauntlet)
  2 basilisks
  3 wyverns
  2 vampire mosquitoes (D:12)
  A warg (Lair:5)
  A hell hound (Lair:5)
  5 water moccasins
  4 nameless horrors
  A black bear (D:6)
  5 orc warriors (Orc:2)
  An alligator simulacrum (IceCv)
  2 ogres
  3 wolves (Lair:5)
  A centaur (D:7)
  2 bullfrogs (Lair:3)
  2 kobold brigands
  2 wyvern zombies (Ossuary)
  A necrophage (D:6)
  2 water moccasin zombies (Ossuary)
  A hornet simulacrum (Gauntlet)
  6 wights
  A lindwurm simulacrum (IceCv)
  3 killer bees (D:9)
  5 bullfrog zombies (Ossuary)
  2 centaur zombies (Ossuary)
  A jelly (D:7)
  3 orc priests
  3 hounds
  2 iguanas (D:6)
  5 orc wizards
  A hell rat (Lair:4)
  2 killer bee zombies (Ossuary)
  2 ogre zombies (D:9)
  8 mummies (Ossuary)
  3 howler monkey zombies (Ossuary)
  3 adders
  A gnoll (D:5)
  A worm (D:2)
  12 orcs
  4 endoplasms
  2 giant cockroaches
  5 goblins
  5 hobgoblins
  3 jackals (D:4)
  10 kobolds
  3 quokkas
  3 ball pythons
  3 frilled lizards
  3 goblin skeletons (D:9)
  5 orc zombies
  3 rats
209 creatures vanquished.

Vanquished Creatures (collateral kills)
  Gastronok (Lair:2)
  A storm dragon (shapeshifter) (D:13)
  A minotaur (Gauntlet)
  A fire dragon (Lair:5)
  3 boulder beetles
  3 nameless horrors
  6 hydras
  A caustic shrike simulacrum (IceCv)
  A two-headed ogre (D:13)
  An alligator (Lair:5)
  A catoblepas (Lair:4)
  4 orc high priests (Orc:2)
  Urug (Orc:1)
  A tengu warrior (D:14)
  Nergalle (Orc:1)
  Sonja (Orc:1)
  A fire crab (Lair:5)
  A lindwurm (Lair:5)
  A wizard (D:14)
  An ugly thing (D:11)
  4 orc knights
  2 manticores
  3 deep elf pyromancers (D:13)
  3 cyclopes
  An oklob plant (Gauntlet)
  9 cane toads
  3 gargoyles
  3 black mambas (Lair:5)
  2 torpor snails (Lair:5)
  Maggie (D:9)
  7 rime drakes
  A freezing wraith (D:15)
  An unseen horror (D:11)
  9 komodo dragons
  3 tengu conjurers
  3 tyrant leeches (Lair:5)
  6 hornets (Lair:5)
  2 trolls
  A wolf spider simulacrum (Gauntlet)
  12 polar bears
  A raiju (Lair:5)
  8 blink frogs
  A jumping spider (Lair:2)
  A centaur simulacrum (Gauntlet)
  2 culicivoras (Lair:2)
  A vampire (D:12)
  22 yaks
  3 shadows
  7 wyverns
  A human (shapeshifter) (D:13)
  4 wraiths
  3 dire elephant simulacra (IceCv)
  12 basilisks
  A steam dragon (D:9)
  A basilisk (shapeshifter) (D:13)
  A fire elemental (Lair:4)
  7 vampire mosquitoes
  3 redbacks (Lair:2)
  Menkaure (D:6)
  A harpy simulacrum (Gauntlet)
  6 wargs
  2 acid dragons
  12 water moccasins
  14 hell hounds (Lair:5)
  20 orc warriors
  A sky beast (D:7)
  11 black bears (Lair:5)
  2 ettin simulacra (IceCv)
  6 ogres
  9 wolves (Lair:5)
  2 phantoms
  A kobold brigand (D:10)
  5 bullfrogs
  A necrophage (D:6)
  A scorpion (D:6)
  A water moccasin zombie (Ossuary)
  4 wights
  A troll zombie (D:9)
  10 killer bees
  A howler monkey (D:9)
  3 centaur zombies (Ossuary)
  13 jellies
  3 bullfrog zombies (Ossuary)
  A hound (D:5)
  26 orc priests
  An iguana (D:5)
  12 orc wizards
  6 hell rats (Lair:4)
  A killer bee zombie (Ossuary)
  3 ogre zombies (D:9)
  2 mummies
  2 gnolls (D:5)
  2 adders
  A shadow imp (D:6)
  An ufetubus (D:4)
  A worm (D:4)
  70 orcs
  5 endoplasms
  2 giant cockroaches (D:1)
  3 hobgoblins
  14 kobolds
  A quokka (D:3)
  2 ball pythons
  3 bats
  A frilled lizard (D:3)
  5 goblins
  A goblin skeleton (D:9)
  2 goblin zombies (D:9)
  2 hobgoblin skeletons (D:9)
  4 hobgoblin zombies (D:9)
  4 orc zombies (D:9)
  A rat (D:2)
  2 butterflies (Lair:2)
499 creatures vanquished.

Vanquished Creatures (others)
  A centaur warrior (D:13)
  A cyclops (D:11)
  A torpor snail (Lair:5)
  A tyrant leech (Lair:5)
  2 hornets
  3 blink frogs
  2 yaks
  A wyvern (Lair:4)
  A basilisk (D:8)
  An acid dragon (D:8)
  2 ice beasts
  3 orc warriors
  A wolf (Lair:5)
  A necrophage (D:6)
  2 wights (D:6)
  Crazy Yiuf (D:6)
  A hell rat (Lair:4)
  A fire vortex (Lair:4)
  21 fungi
  52 plants
  18 toadstools (D:7)
  30 withered plants
147 creatures vanquished.

Grand Total: 855 creatures vanquished

Notes
Turn   | Place    | Note
-------+----------+-------------------------------------------
     0 | D:1      | 112233 the Demonspawn Summoner began the quest for the Orb.
     0 | D:1      | Reached XP level 1. HP: 13/13 MP: 3/3
   659 | D:1      | Gained mutation: Spells you cast may paralyse adjacent
                  | enemies. [demonic ancestry]
   659 | D:1      | Reached XP level 2. HP: 19/19 MP: 1/5
   704 | D:1      | Learned a level 2 spell: Call Imp
  1734 | D:2      | Gained mutation: You are partially covered in molten
                  | scales. (AC +2) [demonic ancestry]
  1734 | D:2      | Reached XP level 3. HP: 22/24 MP: 4/6
  1738 | D:2      | Learned a level 3 spell: Call Canine Familiar
  1835 | D:2      | You fall into a shaft and drop 2 floors!
  2330 | D:2      | Found a shimmering blue altar of Sif Muna.
  2437 | D:2      | Became a worshipper of Sif Muna the Loreminder
  2654 | D:3      | Reached skill level 1 in Fighting
  2817 | D:3      | Reached XP level 4. HP: 32/32 MP: 4/7
  3167 | D:3      | Found a faded altar of an unknown god.
  3633 | D:4      | Reached * piety under Sif Muna
  3723 | D:4      | Found a shimmering blue altar of Sif Muna.
  3777 | D:5      | Entered Level 5 of the Dungeon
  3796 | D:5      | Gained mutation: A weak demonic guardian rushes to your
                  | aid. [demonic ancestry]
  3796 | D:5      | Reached XP level 5. HP: 37/37 MP: 4/9
  3832 | D:5      | Found a sand-covered staircase.
  3844 | Ossuary  | Entered an ossuary
  4007 | Ossuary  | Reached XP level 6. HP: 20/46 MP: 3/11
  4229 | Ossuary  | Gained mutation: You have large cloven feet. [demonic
                  | ancestry]
  4229 | Ossuary  | Reached XP level 7. HP: 52/52 MP: 1/13
  4523 | Ossuary  | Reached ** piety under Sif Muna
  4611 | Ossuary  | Reached skill level 5 in Spellcasting
  4695 | Ossuary  | Reached XP level 8. HP: 56/61 MP: 12/15
  4742 | Ossuary  | Reached skill level 5 in Dodging
  4759 | Ossuary  | Learned a level 3 spell: Summon Guardian Golem
  5129 | D:4      | Found an iron altar of Okawaru.
  5136 | D:4      | Noticed Sigmund
  5181 | D:4      | Killed Sigmund
  5182 | D:4      | Reached skill level 5 in Fighting
  6055 | D:5      | Learned a level 4 spell: Summon Lightning Spire
  6359 | D:6      | Gained mutation: You have hoof-like feet. [demonic
                  | ancestry]
  6359 | D:6      | Reached XP level 9. HP: 45/69 MP: 10/18
  6561 | D:6      | Reached *** piety under Sif Muna
  6901 | D:6      | Noticed Menkaure
  6910 | D:6      | Killed Menkaure
  6911 | D:6      | Reached skill level 5 in Summonings
  7074 | D:6      | Found Saroc's Magic Scroll Shoppe.
  7083 | D:6      | Bought a scroll of blinking for 105 gold pieces
  7083 | D:6      | Bought 2 scrolls of identify for 56 gold pieces
  7214 | D:6      | Found a runed translucent door.
  7215 | D:6      | Noticed Crazy Yiuf
  7426 | D:6      | Noticed Grinder
  7434 | D:6      | Killed Grinder
  8136 | D:8      | Identified the +8 quarterstaff of Resourcefulness {pain,
                  | rC++ Int-5 Dex+4 Stlth+}
  8153 | D:8      | Gained mutation: You occasionally lose the ability to read
                  | scrolls when taking damage. [potion of mutation]
  8153 | D:8      | Gained mutation: You are strong-willed. (Will+) [potion of
                  | mutation]
  8153 | D:8      | Gained mutation: You are covered in fur. (AC +1) [potion of
                  | mutation]
  8399 | D:8      | Noticed a komodo dragon
  8453 | D:8      | Reached XP level 10. HP: 79/80 MP: 14/21
  9352 | D:8      | Found a staircase to the Lair.
  9493 | D:7      | Reached **** piety under Sif Muna
  9635 | D:7      | Identified the +5 hand axe "Hoafev" {holy, Fly rPois rC-
                  | Dex+4}
  9708 | D:7      | Found a blossoming altar of Fedhas.
  9729 | D:7      | Noticed an oklob plant
  9845 | D:7      | Found a staircase to the Ecumenical Temple.
  9861 | D:7      | Found a runed translucent door.
  9862 | D:7      | Noticed catfood's ghost (novice SpBr)
 10241 | D:6      | Killed Crazy Yiuf
 10493 | D:9      | Found a snail-covered altar of Cheibriados.
 10519 | D:9      | Noticed Maggie
 10530 | D:9      | Killed Maggie
 10607 | D:9      | Noticed Joseph
 10615 | D:9      | Killed Joseph
 10842 | D:9      | Found a staircase to the Orcish Mines.
 11040 | D:10     | Entered Level 10 of the Dungeon
 11074 | D:10     | Noticed a boulder beetle
 11277 | D:9      | Reached XP level 11. HP: 76/89 MP: 13/23
 11554 | D:9      | Reached ***** piety under Sif Muna
 11690 | D:9      | Received a gift from Sif Muna
 11707 | D:9      | Got Sif Muna's Guidebook on the Metallic Pyre {god gift}
 11853 | D:9      | Lost mutation: You are covered in fur. (AC +1) [potion of
                  | mutation]
 11853 | D:9      | Lost mutation: You occasionally lose the ability to read
                  | scrolls when taking damage. [potion of mutation]
 11853 | D:9      | Gained mutation: Your body sometimes deteriorates upon
                  | taking damage. [potion of mutation]
 11853 | D:9      | Gained mutation: You are resistant to electric shocks.
                  | (rElec) [potion of mutation]
 11853 | D:9      | Gained mutation: You have a pair of small antennae on your
                  | head. [potion of mutation]
 12226 | D:9      | Found an ornate altar of the Wu Jian Council.
 12357 | Lair:1   | Entered Level 1 of the Lair of Beasts
 14080 | Lair:2   | Found a hole to the Spider Nest.
 14093 | Lair:2   | Reached skill level 1 in Invocations
 14124 | Lair:2   | Reached skill level 10 in Fighting
 14552 | Lair:2   | Noticed a four-headed hydra
 14561 | Lair:2   | Killed a four-headed hydra
 14708 | Lair:2   | Reached XP level 12. HP: 79/97 MP: 17/25
 14916 | Lair:2   | Noticed Gastronok
 14938 | Lair:2   | Killed Gastronok
 15412 | Lair:3   | You fall into a shaft and drop 1 floor!
 15518 | Lair:4   | Reached skill level 10 in Spellcasting
 15527 | Lair:4   | Found a staircase to the Slime Pits.
 15540 | Lair:4   | Reached skill level 10 in Dodging
 16018 | Lair:3   | Reached skill level 5 in Invocations
 16057 | Lair:3   | Found a staircase to the Shoals.
 16526 | Lair:3   | Noticed a seven-headed hydra
 16536 | Lair:3   | Killed a seven-headed hydra
 17301 | Lair:4   | Got the Incunable of the Crystalline Sky
 17324 | Lair:4   | Received a gift from Sif Muna
 17325 | Lair:4   | Reached skill level 10 in Summonings
 17689 | Lair:4   | Noticed a catoblepas
 17704 | Lair:4   | Killed a catoblepas
 17705 | Lair:4   | Gained mutation: Spells you cast may paralyse nearby
                  | enemies. [demonic ancestry]
 17705 | Lair:4   | Reached XP level 13. HP: 106/106 MP: 10/27
 18016 | Lair:4   | Got Kohocurih's Writings on the Reformed Mortuary {god
                  | gift}
 18086 | Lair:4   | Learned a level 2 spell: Passwall
 18092 | Lair:4   | Learned a level 5 spell: Summon Mana Viper
 18504 | Lair:4   | Got the Almanac of Moulding and Summoning
 18711 | Lair:5   | Entered Level 5 of the Lair of Beasts
 19396 | Lair:5   | Received a gift from Sif Muna
 19397 | Lair:5   | Got Sif Muna's Handbook of Profane Liturgies {god gift}
 21454 | Lair:5   | Found a runed translucent door.
 21455 | Lair:5   | Noticed a fire dragon
 21675 | Lair:5   | Paralysed by a hornet for 2 turns
 21708 | Lair:5   | Received a gift from Sif Muna
 21725 | Lair:5   | Got Sif Muna's Essays on Firn and the Pyre {god gift}
 22222 | Lair:5   | Reached XP level 14. HP: 115/115 MP: 11/29
 23125 | Orc:1    | Entered Level 1 of the Orcish Mines
 23323 | Orc:1    | Noticed Urug
 23499 | Orc:1    | Killed Urug
 23549 | Orc:1    | Found Ruplonee's Jewellery Shop.
 23554 | Orc:1    | Noticed Sonja
 23567 | Orc:1    | Killed Erica
 23572 | Orc:1    | Killed Sonja
 23573 | Orc:1    | Reached skill level 10 in Invocations
 23793 | Orc:1    | Noticed Nergalle
 23805 | Orc:1    | Killed Nergalle
 24281 | Orc:2    | Entered Level 2 of the Orcish Mines
 24491 | Orc:2    | Noticed an orc warlord
 24501 | Orc:2    | Killed an orc warlord
 24671 | Orc:2    | Found a staircase to the Elven Halls.
 24882 | Orc:2    | Received a gift from Sif Muna
 24884 | Orc:2    | Got Sif Muna's Grimoire of Dislocated Contamination {god
                  | gift}
 26215 | Orc:2    | Found Oviffehe's Book Shoppe.
 26218 | Orc:2    | Found Zino's Assorted Antiques.
 26219 | Orc:2    | Found Pekutaitur's Antique Weapon Shoppe.
 26220 | Orc:2    | Found Jigeqah's Armour Shoppe.
 26224 | Orc:2    | Bought a viscous blue potion for 25 gold pieces
 26224 | Orc:2    | Bought a potion of invisibility for 224 gold pieces
 26224 | Orc:2    | Bought a pair of embroidered boots for 210 gold pieces
 26224 | Orc:2    | Bought a potion of curing for 84 gold pieces
 26224 | Orc:2    | Bought a scroll labelled MODAIKHLEILA for 28 gold pieces
 26224 | Orc:2    | Bought a scroll of teleportation for 84 gold pieces
 26235 | Orc:2    | Bought an ebony quarterstaff for 198 gold pieces
 26235 | Orc:2    | Identified the +6 quarterstaff of Extremism {antimagic,
                  | +Blink rElec Will+} (You bought it in a shop on level 2 of
                  | the Orcish Mines)
 26235 | Orc:2    | Bought a blackened rapier for 198 gold pieces
 26235 | Orc:2    | Identified the +7 rapier of Resourcefulness {vorpal, rElec
                  | Dex+3} (You bought it in a shop on level 2 of the Orcish
                  | Mines)
 26235 | Orc:2    | Bought a warped war axe for 187 gold pieces
 26235 | Orc:2    | Identified the +6 war axe of Reinforcement {freeze, rF+}
                  | (You bought it in a shop on level 2 of the Orcish Mines)
 26365 | Orc:2    | Reached skill level 1 in Necromancy
 26450 | Orc:2    | Found Ebledob's Gadget Gallery.
 26544 | Orc:2    | Bought a box of beasts for 440 gold pieces
 27032 | D:10     | Reached skill level 1 in Air Magic
 27193 | D:10     | Found a portal to a secret trove of treasure.
 27336 | D:10     | Found Leluunk's Magic Scroll Boutique.
 27339 | D:10     | Bought a scroll of teleportation for 39 gold pieces
 27339 | D:10     | Bought a scroll of blinking for 97 gold pieces
 27339 | D:10     | Bought a scroll of identify for 26 gold pieces
 27621 | D:11     | Found a gate leading to a gauntlet.
 27635 | Gauntlet | Entered a Gauntlet
 27635 | Gauntlet | Found a transporter.
 27756 | Gauntlet | Found a transporter.
 27767 | Gauntlet | Found a transporter.
 27772 | Gauntlet | Found a transporter.
 27787 | Gauntlet | Found a transporter.
 27806 | Gauntlet | Found a transporter.
 27818 | Gauntlet | Found a transporter.
 27830 | Gauntlet | Found a transporter.
 27839 | Gauntlet | Found a transporter.
 27854 | Gauntlet | Found a transporter.
 27871 | Gauntlet | Found a transporter.
 27889 | Gauntlet | Found a transporter.
 27891 | Gauntlet | Found a transporter.
 27922 | Gauntlet | Found a transporter.
 27924 | Gauntlet | Found a transporter.
 27944 | Gauntlet | Found a transporter.
 27964 | Gauntlet | Learned a level 7 spell: Monstrous Menagerie
 28027 | Gauntlet | Found a transporter.
 28071 | Gauntlet | Found a transporter.
 28702 | Gauntlet | Reached skill level 1 in Evocations
 28964 | Gauntlet | Identified the amulet of Wuch {Spirit Slay+3}
 29132 | Gauntlet | Identified a scroll of acquirement
 29133 | Gauntlet | Acquired 743 gold pieces
 30249 | D:12     | Received a gift from Sif Muna
 30301 | D:12     | Got Faeriwnicw's Discursus on the Overcast Traveller {god
                  | gift}
 31656 | D:13     | Gained mutation: You are mostly covered in molten scales.
                  | (AC +3) [demonic ancestry]
 31656 | D:13     | Reached XP level 15. HP: 123/123 MP: 9/31
 31770 | D:13     | Noticed a storm dragon
 31779 | D:13     | Killed a storm dragon
 32020 | D:13     | Found a gate to the Vaults.
 33758 | D:14     | Identified the +1 trident "Xausuk" {protect, rC+ Int+2}
 34206 | D:14     | Learned a level 2 spell: Blink
 34770 | D:15     | Entered Level 15 of the Dungeon
 34770 | D:15     | Noticed Josephine
 35029 | D:15     | Found a frozen archway.
 35058 | IceCv    | Entered an ice cave
 35248 | IceCv    | Found a transporter.
 35259 | IceCv    | Found a transporter.
 35293 | IceCv    | Annihilated by a white very ugly thing

Illustrated notes

Levels and vault maps discovered:
D:1:      onia_arrival_mini_spirals, layout_loops_cross
D:2:      layout_loops_ring, basic_altar, minmay_strange_pillars,
          nicolae_elevator_lobby_plus
D:3:      layout_rooms, shapermc_ecumenical_altar_mp_highgroup, minivault_24,
          minmay_misc_feat_more_columns
D:4:      layout_basic, led_sif_book, kennysheep_mini_moat, uniq_sigmund
D:5:      layout_rooms, nicolae_ossuary_entry_giza
D:6:      layout_rooms, serial_shops, shop_fountains, minmay_misc_feat_plants,
          uniq_crazy_yiuf_cottage, uniq_menkaure, uniq_grinder
D:7:      layout_cave_pools, tgw_fedhas, minmay_temple_entry_enclosed_plants,
          ebering_ghost_reflecting_pool, enter_bailey_2
D:8:      layout_cave_pools, erik_lair_dragon
D:9:      layout_loops_ring, pdpol_wu_jian_five_deadly_venoms,
          mainiacjoe_overflow_alcove_2, zombieorc1_lemuel, uniq_joseph,
          uniq_maggie
D:10:     layout_roguey, serial_shops, nicolae_shop_window_shopping,
          enter_trove_1
D:11:     layout_irregular_city, gauntlet_entry_generic
D:12:     layout_grid_maze
D:13:     layout_gridville, david_vaults_4
D:14:     layout_stronghold, roderic_three_in_a_row
D:15:     hangedman_depths_entry_try_elsewhere_first, layout_long_grid,
          portal_ice_cave_entry_frozen_things, minmay_hedge_maze,
          uniq_josephine, uniq_roxanne
Lair:1:   layout_regular_city, infiniplex_staircase_pool_2
Lair:2:   layout_hall_layers, nicolae_spider_entry_tight_spaces,
          grunt_megastairs_4, lemuel_fruit_fields, serial_bayou_shore_b,
          uniq_gastronok
Lair:3:   layout_layer_cave, shoals_dummy_entry, st_stairs_10
Lair:4:   layout_gridlike, minmay_slime_entry_jelly_boxes, special_room
          [special_room_mythical_zoo]
Lair:5:   hangedman_lair_caniforms_friends, layout_gridlike, wormcave
Orc:1:    layout_caves, serial_shops, shop, nicolae_orc_bridge_out, uniq_sonja,
          uniq_nergalle, uniq_erica, uniq_urug
Orc:2:    st_orc_pillars, layout_caves, nicolae_shop_gadgets
IceCv:    ice_cave_statue_garden_transporter

Skill      XL: |  1  2  3  4  5  6  7  8  9 10 11 12 13 14 15 |
---------------+----------------------------------------------+-----
Dodging        | 2 3 4 6 7 8 9 10 11 12 | 12.5
Stealth        | 2 |  2.1
Fighting       | 1 2 3 4 6 7 9 10 11 12 13 | 13.3
Spellcasting   | 3 4 5 6 7 8 9 10 11 12 13 | 13.3
Summonings     | 5 7 9 10 11 12 | 12.4
Invocations    | 3 6 9 11 | 11.7
Necromancy     | 2 |  2.4
Air Magic      | 2 |  2.0
Evocations     | 1 |  1.9
Shields        | |  0.8

Action                   |  1- 3 |  4- 6 |  7- 9 | 10-12 | 13-15 || total
-------------------------+-------+-------+-------+-------+-------++-------
Melee: Dagger            |    84 |    41 |   160 |   418 |   213 ||   916
       Unarmed           |     1 |       |       |       |       ||     1
       Punch             |       |       |     1 |     6 |     6 ||    13
       Rapier            |       |       |       |       |   115 ||   115
       Kick              |       |       |       |       |    11 ||    11
 Cast: Summon Small Mamm |    57 |    27 |    49 |     6 |     2 ||   141
       Call Imp          |     8 |    15 |    31 |    47 |     5 ||   106
       Call Canine Famil |       |     5 |    23 |    65 |   107 ||   200
       Summon Guardian G |       |       |    23 |    49 |    14 ||    86
       Summon Lightning  |       |       |       |    42 |   126 ||   168
       Summon Mana Viper |       |       |       |       |    96 ||    96
       Monstrous Menager |       |       |       |       |    59 ||    59
       Blink             |       |       |       |       |     1 ||     1
Invok: Channel Magic     |       |       |       |       |     2 ||     2
Evoke: Wand              |       |       |       |     1 |     8 ||     9
       Box of beasts     |       |       |       |       |     1 ||     1
       Condenser vane    |       |       |       |       |     1 ||     1
  Use: Scroll            |       |       |     5 |    12 |    21 ||    38
       Potion            |       |       |     4 |     2 |    13 ||    19
 Stab: Sleeping          |     5 |     3 |     4 |     3 |     1 ||    16
       Paralysed         |    12 |    13 |    49 |   109 |    65 ||   248
       Distracted        |       |     1 |     4 |     4 |     8 ||    17
Armor: Robe              |    19 |    15 |    40 |   124 |   134 ||   332
Dodge: Dodged            |    57 |    32 |   136 |   345 |   339 ||   909
Block: Other             |       |       |     5 |   119 |    73 ||   197
       Reflection        |       |       |       |     3 |     6 ||     9
